 Dungeon Crawl Stone Soup version 0.28.0-53-g5a82cb258f (webtiles) character file.

Game seed: 17463031442932089193

5380 Sin92 the Fighter (level 10, -4/79 (80) HPs)
             Began as a Demonspawn Fighter on June 13, 2022.
             Slain by a two-headed ogre
             ... wielding a +0 dire flail
              (14 damage)
             ... on level 8 of the Dungeon.
             The game lasted 00:19:46 (8965 turns).

Sin92 the Fighter (Demonspawn Fighter)              Turns: 8965, Time: 00:19:46

HP:   -4/79 (80)    AC: 21    Str: 18    XL:     10   Next: 39%
MP:   0/10          EV:  8    Int:  9    God:
Gold: 422           SH: 10    Dex: 16    Spells: 9/9 levels left

rFire   + . .      SeeInvis +   a - +0 war axe (vorpal)
rCold   + . .      Faith    .   c - +0 buckler
rNeg    . . .      Spirit   +   l - +0 plate armour
rPois   .          Reflect  .   s - +0 helmet
rElec   .          Harm     .   m - scarf {repulsion}
rCorr   .          Rampage  .   r - +1 pair of gloves
Will    .....                   (no boots)
Stlth   ..........              h - amulet of guardian spirit
HPRegen 0.23/turn               k - ring of protection from cold
MPRegen 0.12/turn               n - ring of see invisible

@: hasted, lightly drained, repel missiles, very quick
A: molten scales 3, condensation shield, demonic magic 1, wild magic 1,
MP-powered wands
a: no special abilities


You were on level 8 of the Dungeon.
You visited 1 branch of the dungeon, and saw 8 of its levels.
You also visited: Ossuary and Bailey.

You collected 422 gold pieces.

Inventory:

Hand Weapons
 a - a +0 vorpal war axe (weapon)
Armour
 b - a +0 scale mail
 c - a +0 buckler (worn)
 l - a +0 plate armour (worn)
 m - a scarf of repulsion (worn)
 r - a +1 pair of gloves (worn)
 s - a +0 helmet (worn)
Jewellery
 h - an amulet of guardian spirit (around neck)
 k - a ring of protection from cold (left hand)
 n - a ring of see invisible (right hand)
Wands
 x - a wand of flame (11)
Scrolls
 e - 2 scrolls of brand weapon
 f - a scroll of identify
 g - 3 scrolls of fog
 o - a scroll of holy word
 p - 2 scrolls of teleportation
 w - a scroll of summoning
Potions
 d - 2 potions of might
 i - 5 potions of haste
 j - a potion of brilliance
 q - a potion of invisibility {unknown}
 t - a potion of cancellation
 v - a potion of magic


   Skills:
 + Level 8.2 Fighting
 + Level 7.2 Axes
 + Level 7.5 Armour
 + Level 6.9 Dodging
 + Level 7.5 Shields


You had 9 spell levels left.
You didn't know any spells.
Your spell library contained the following spells:

 Spells                   Type           Power      Damage    Failure   Level
 Gell's Gravitas          Tloc           0%         N/A       100%        3
 Lesser Beckoning         Tloc           0%         N/A       100%        3
 Teleport Other           Tloc           0%         N/A       100%        3


Dungeon Overview and Level Annotations

Branches:
Dungeon (8/15)             Temple (0/1) D:7         Ossuary (visited)
 Bailey (visited)
   Lair: D:8-11

Altars:
Dithmenos
Elyvilon
Kikubaaqudgha

Shops:
D:2 (   D:8 *


Innate Abilities, Weirdness & Mutations

You are completely covered in molten scales. (AC +4, rF+)
A meltable shield of frost defends you. (SH +4)
Spells you cast may paralyse adjacent enemies.
Your spells are a little harder to cast, but a little more powerful.
You expend magic power (3 MP) to strengthen your wands.


Message History

You hit the two-headed ogre but do no damage.
The two-headed ogre is moderately wounded.
The two-headed ogre hits you with a +0 dire flail!
The two-headed ogre hits you with a +0 giant club.
Unknown command.
You hit the two-headed ogre.
The two-headed ogre is moderately wounded.
Unknown command.
You barely miss the two-headed ogre.
The two-headed ogre is moderately wounded.
The two-headed ogre hits you but does no damage.
The two-headed ogre hits you with a +0 giant club!
Unknown command.
You slash the two-headed ogre!
The two-headed ogre is severely wounded.
The two-headed ogre hits you but does no damage.
The two-headed ogre hits you with a +0 giant club!
Unknown command.
You are too injured to fight recklessly!
Unknown command.
You are too injured to fight recklessly!
Unknown command.
You are too injured to fight recklessly!
Unknown command.
You hit the two-headed ogre but do no damage.
The two-headed ogre is severely wounded.
You block the two-headed ogre's attack.
The two-headed ogre hits you with a +0 giant club!
* * * LOW HITPOINT WARNING * * *
Unknown command.
You hit the two-headed ogre.
The two-headed ogre is severely wounded.
The two-headed ogre closely misses you.
The two-headed ogre hits you with a +0 giant club!
* * * LOW HITPOINT WARNING * * *
Unknown command.
Okay, then.
You feel yourself speed up.
The two-headed ogre hits you with a +0 dire flail!
You die...

#............
#...^........
#.............
#..............#
#..............#
#?.............#
#....O.........# +.
#....@.........# #.
#..............######.
#.....................
#.....................
#..............##.##..
#..............#...#..
#.......?........∩....
#..............#...##.
#.....#######'###.###)


You could see a two-headed ogre.

Vanquished Creatures
  5 centaur zombies
  2 steam dragons (D:6)
  A water moccasin (D:6)
  2 necrophages
  3 orc warriors (Bailey)
  3 ogres
  4 centaurs
  A phantom (D:5)
  3 bullfrogs
  A gnoll sergeant (D:8)
  A scorpion (D:5)
  A water moccasin zombie (D:7)
  A water moccasin skeleton (D:5)
  A howler monkey (D:8)
  4 wights (D:8)
  A bullfrog skeleton (D:6)
  A centaur skeleton (D:7)
  3 orc priests
  2 gnoll shamans (D:8)
  2 hounds
  4 iguanas
  Terence (D:2)
  6 orc wizards
  A hound skeleton (D:4)
  5 mummies (Ossuary)
  Robin (D:3)
  12 gnolls (D:8)
  A howler monkey skeleton (D:4)
  5 adders
  A shadow imp (D:5)
  A white imp (D:5)
  2 adder skeletons (D:4)
  3 worms
  5 dart slugs
  29 orcs
  5 endoplasms
  2 giant cockroaches
  13 goblins
  5 hobgoblins
  4 jackals (D:2)
  2 quokkas
  14 ball pythons
  6 bats
  2 frilled lizards
  A goblin zombie (D:8)
  A hobgoblin zombie (Ossuary)
  2 kobolds
  A quokka zombie (D:8)
  3 rats
180 creatures vanquished.

Notes
Turn   | Place    | Note
-------+----------+-------------------------------------------
     0 | D:1      | Sin92 the Demonspawn Fighter began the quest for the Orb.
     0 | D:1      | Reached XP level 1. HP: 18/18 MP: 1/1
   839 | D:2      | Gained mutation: You are partially covered in molten
                  | scales. (AC +2) [demonic ancestry]
   839 | D:2      | Reached XP level 2. HP: 24/24 MP: 2/2
   844 | D:2      | Found a faded altar of an unknown god.
  1033 | D:2      | Reached XP level 3. HP: 26/29 MP: 3/3
  1182 | D:2      | Reached skill level 1 in Dodging
  1540 | D:2      | Found Lofap's Weapon Shoppe.
  1646 | D:2      | Gained mutation: A meltable shield of frost defends you.
                  | (SH +4) [demonic ancestry]
  1646 | D:2      | Reached XP level 4. HP: 33/35 MP: 4/4
  1718 | D:2      | Noticed Terence
  1732 | D:2      | Killed Terence
  2403 | D:3      | Identified the +0 helmet of the Tormentor {rPois Dex-5
                  | Stlth+}
  2403 | D:3      | Noticed Robin
  2420 | D:3      | Killed Robin
  2884 | D:4      | Gained mutation: You are mostly covered in molten scales.
                  | (AC +3) [demonic ancestry]
  2884 | D:4      | Reached XP level 5. HP: 38/42 MP: 5/5
  3463 | D:5      | Entered Level 5 of the Dungeon
  3482 | D:5      | Reached skill level 4 in Fighting
  3482 | D:5      | Gained mutation: Spells you cast may paralyse adjacent
                  | enemies. [demonic ancestry]
  3482 | D:5      | Reached XP level 6. HP: 27/48 MP: 6/6
  4107 | D:5      | Gained mutation: You are completely covered in molten
                  | scales. (AC +4, rF+) [demonic ancestry]
  4107 | D:5      | Reached XP level 7. HP: 39/55 MP: 7/7
  5157 | D:5      | Gained mutation: Your spells are a little harder to cast,
                  | but a little more powerful. [potion of mutation]
  5157 | D:5      | Gained mutation: You expend magic power (3 MP) to
                  | strengthen your wands. [potion of mutation]
  5297 | D:6      | Reached skill level 5 in Fighting
  5297 | D:6      | Reached XP level 8. HP: 62/62 MP: 8/8
  6048 | D:6      | Reached skill level 5 in Armour
  6054 | D:6      | Reached skill level 5 in Shields
  6457 | D:6      | Found an ancient bone altar of Kikubaaqudgha.
  6555 | D:6      | Found a shadowy altar of Dithmenos.
  6843 | D:7      | Found a flagged portal.
  6862 | Bailey   | Entered a bailey
  6943 | Bailey   | Reached skill level 5 in Axes
  7205 | Bailey   | Reached skill level 7 in Fighting
  7205 | Bailey   | Reached XP level 9. HP: 74/74 MP: 9/9
  7206 | Bailey   | Noticed an orc knight
  7636 | D:7      | Reached XP level 10. HP: 73/80 MP: 7/10
  7669 | D:7      | Found a staircase to the Ecumenical Temple.
  8475 | D:8      | Reached skill level 8 in Fighting
  8680 | D:8      | Found a sand-covered staircase.
  8744 | Ossuary  | Entered an ossuary
  8933 | D:8      | Found Povin's Gadget Gallery.
  8952 | D:8      | Noticed a two-headed ogre
  8965 | D:8      | Slain by a two-headed ogre

Illustrated notes

Levels and vault maps discovered:
D:1:      minmay_arrival_arboretum_small, layout_loops_ring
D:2:      minmay_inner_zag, layout_loops_ring, serial_shops, shop,
          nicolae_ecumenical_snake_handling, uniq_terence
D:3:      layout_basic, serial_glass, glass_columns_a, glass_columns_b,
          uniq_robin
D:4:      layout_cave_pools, chequers_serial_rivers_micro_a,
          chequers_serial_rivers_micro_a
D:5:      layout_cave_pods
D:6:      layout_loops_cross, mainiacjoe_overflow_alcove_4,
          mainiacjoe_overflow_divided_tiny, serial_bayou_ford_a
D:7:      layout_gridville, minmay_temple_entry_crystal_x, enter_bailey_3
D:8:      layout_gridville, enter_ossuary_4, gammafunk_ghost_nasty_kobolds,
          nicolae_shop_gadgets

Skill      XL: |  1  2  3  4  5  6  7  8  9 10 |
---------------+-------------------------------+-----
Axes           | 2 3 4 6 7 |  7.2
Armour         | 3 4 7 |  7.5
Shields        | 3 4 7 |  7.5
Dodging        | 1 2 3 6 |  6.9
Fighting       | 4 5 7 8 |  8.2

Action                   |  1- 3 |  4- 6 |  7- 9 | 10-12 || total
-------------------------+-------+-------+-------+-------++-------
Melee: War axe           |   106 |   163 |   162 |   136 ||   567
  Use: Scroll            |     2 |     6 |     3 |     4 ||    15
       Potion            |       |       |    11 |     2 ||    13
Armor: Plate armour      |    81 |   135 |   115 |   104 ||   435
       Scale mail        |     3 |       |       |       ||     3
Dodge: Dodged            |    28 |    35 |    47 |    80 ||   190
       Repelled          |       |       |     1 |       ||     1
Block: Buckler           |    29 |   103 |    97 |   106 ||   335
